 Dungeon Crawl Stone Soup version 0.25.1-2-g60ff931df9 (webtiles) character file.

Game seed: 2572293249171292662

59 Descartes the Sneak (level 3, 0/17 HPs)
             Began as a Felid Monk on Nov 8, 2020.
             Slain by a worm (10 damage)
             ... on level 2 of the Dungeon.
             The game lasted 00:02:08 (1982 turns).

Descartes the Sneak (Felid Monk)                    Turns: 1982, Time: 00:02:08

Health: 0/17       AC:  1    Str:  8    XL:     3   Next: 78%
Magic:  4/4        EV: 20    Int: 11    God:
Gold:   69         SH:  0    Dex: 18    Spells: 2/2 levels left
                                        Lives:  0   Deaths: 0

rFire    . . .     SeeInvis +     - Unarmed
rCold    . . .     Gourm    .   (shield unavailable)
rNeg     . . .     Faith    .   (armour unavailable)
rPois    .         Spirit   .   (helmet unavailable)
rElec    .         Reflect  .   (cloak unavailable)
rCorr    .         Harm     .   (gloves unavailable)
MR       .....                  (boots unavailable)
Stlth    ++++......             (no amulet)
HPRegen  0.05/turn              (no ring)
MPRegen  0.09/turn              (no ring)

@: quick
A: very small, no armour, no weapons or thrown items, stealth, claws 1, fangs 3,
see invisible, carnivore, speed 1, shaggy fur 1, slow metabolism 1, sharp paws
a: no special abilities


You were on level 2 of the Dungeon.
You were completely stuffed.

You visited 1 branch of the dungeon, and saw 2 of its levels.

You collected 69 gold pieces.

Inventory:

Missiles
 l - 22 arrows
Scrolls
 b - a scroll of blinking {unknown}
 c - a scroll of identify {unknown}
 f - a scroll of teleportation {unknown}
 g - 3 scrolls of remove curse {unknown}
 i - a scroll of magic mapping {unknown}
 j - a scroll of enchant weapon {unknown}
Potions
 d - a potion of invisibility {unknown}
 e - 2 potions of curing {unknown}
 k - a potion of brilliance {unknown}
Comestibles
 a - a ration
 h - 2 chunks of flesh


   Skills:
 - Level 3.0 Fighting
 + Level 4.8 Dodging
 * Level 5.1 Stealth
 - Level 3.0 Unarmed Combat


You had 2 spell levels left.
You didn't know any spells.
Your spell library was empty.

Dungeon Overview and Level Annotations

Branches:
Dungeon (2/15)

Altars:


Innate Abilities, Weirdness & Mutations

You cannot wear armour.
You are incapable of wielding weapons or throwing items.
Your paws allow you to move quietly. (Stealth)
You have sharp claws.
You have razor-sharp teeth.
You have supernaturally acute eyesight. (SInv)
You are carnivorous and can eat meat at any time.
You cover ground quickly.
You are covered in fur. (AC +1)
You have a slow metabolism.
Your sharp claws are effective at attacking unaware monsters.


Message History

e - 2 red potions (gained 1)
A worm comes into view.
You scratch the worm.
The worm is moderately wounded.
The worm bites you!
You scratch the worm.
The worm is heavily wounded.
You barely miss the worm.
The worm is heavily wounded.
The worm barely misses you.
You scratch the worm.
The worm is heavily wounded.
The worm bites you but does no damage.
You scratch the worm.
The worm is heavily wounded.
You scratch the worm. You bite the worm.
The worm is severely wounded.
The worm bites you!
Ouch! That really hurt!
You die...

## ... #..........#..#
##########..........#..#
#......w............(>.#
#@# ..........#..# #.#
.........#..# #.#
###.........# #.#
#..)........# #.#
#...........# ####.#
#...........# #....#
#....#####..# #....#
#....# #..# #....#
#....# #..#


You could see a worm.

Vanquished Creatures
  3 adders (D:2)
  2 leopard geckos (D:1)
  3 giant cockroaches (D:2)
  3 goblins
  3 hobgoblins (D:1)
  2 jackals (D:1)
  A ball python (D:1)
  3 bats (D:1)
  2 frilled lizards (D:1)
  3 kobolds
  5 rats
30 creatures vanquished.

Notes
Turn   | Place    | Note
-------+----------+-------------------------------------------
     0 | D:1      | Descartes the Felid Monk began the quest for the Orb.
     0 | D:1      | Reached XP level 1. HP: 10/10 MP: 2/2
    82 | D:1      | Reached skill level 3 in Stealth
   407 | D:2      | Reached XP level 2. HP: 14/14 MP: 3/3
   574 | D:1      | Reached skill level 4 in Stealth
   781 | D:1      | Reached XP level 3. HP: 17/17 MP: 4/4
  1708 | D:2      | Reached skill level 5 in Stealth
  1982 | D:2      | Slain by a worm

Illustrated notes

Levels and vault maps discovered:
D:1:      dpeg_arrival_simpleton_b, layout_basic
D:2:      layout_basic, minitemple, minmay_tromino_v4_a

Skill      XL: |  1  2  3 |
---------------+----------+-----
Stealth        | 3 4 5 |  5.1
Fighting       | |  3.0
Dodging        | |  4.8
Unarmed Combat | |  3.0

Action                   || total
-------------------------++-------
Melee: Unarmed           ||    81
       Bite              ||     7
 Stab: Sleeping          ||    12
  Eat: Chunk             ||     9
Armor: Skin              ||     2
Dodge: Dodged            ||    59
